 Dungeon Crawl Stone Soup version 0.29.1-12-g30fa7ad0bf (webtiles) character file.

Game seed: 11437093931256446127

38425 FexLirch the Unseen (level 13, -2/65 HPs)
             Began as a Spriggan Enchanter on Jan 13, 2023.
             Was the Champion of Wu Jian.
             Slain by a cane toad (45 damage)
             ... on level 4 of the Lair of Beasts.
             The game lasted 01:11:34 (21268 turns).

FexLirch the Unseen (Spriggan Enchanter)           Turns: 21268, Time: 01:11:34

Health: -2/65      AC:  8    Str:  4    XL:     13   Next: 63%
Magic:  36/37      EV:  4    Int: 27    God:    Wu Jian [******]
Gold:   548        SH:  0    Dex: 16    Spells: 3/32 levels left

rFire   . . .      SeeInvis +   J - +3 dagger (speed)
rCold   . . .      Faith    .   W - +0 buckler
rNeg    . . .      Spirit   .   L - +0 acid dragon scales
rPois   .          Reflect  .   (helmet restricted)
rElec   .          Harm     .   D - +1 cloak
rCorr   +          Rampage  .   (gloves unavailable)
Will    ++...                   (boots unavailable)
Stlth   ++++++....              M - amulet of magic regeneration
HPRegen 0.20/turn               P - ring of magical power
MPRegen 0.65/turn               H - +6 ring of intelligence

@: sleeping, very quick
A: very small, no large weapons, unfitting armour, see invisible, speed 3
a: Renounce Religion, Wall Jump, Serpent's Lash, Heavenly Storm


You were on level 4 of the Lair of Beasts.
You worshipped Wu Jian.
Wu Jian was exalted by your worship.
You visited 3 branches of the dungeon, and saw 18 of its levels.
You also visited: Sewer.

You collected 1484 gold pieces.
You spent 936 gold pieces at shops.

Inventory:

Hand Weapons
 l - a +4 dagger of venom
 C - a +0 dagger of holy wrath
 J - a +3 dagger of speed (weapon)
Missiles
 y - a throwing net
Armour
 D - a +1 cloak (worn)
 L - +0 acid dragon scales (worn)
 S - a +2 robe of cold resistance
 W - a +0 buckler (worn)
Magical Staves
 G - a staff of poison
 T - a staff of cold
Jewellery
 E - a ring of poison resistance
 H - a +6 ring of intelligence (right hand)
 M - an amulet of magic regeneration (around neck)
 N - a +4 ring of evasion
 O - a ring of protection from fire
 P - a ring of magical power (left hand)
 X - a ring of resist corrosion
Wands
 a - a wand of roots (16)
 b - a wand of quicksilver (7)
 B - a wand of paralysis (11)
 K - a wand of mindburst (7)
 Q - a wand of flame (8)
Scrolls
 d - 6 scrolls of noise
 f - 4 scrolls of butterflies {unknown}
 g - 8 scrolls of amnesia
 h - 6 scrolls of fear
 j - a scroll of immolation {unknown}
 k - a scroll of enchant armour {unknown}
 n - 2 scrolls of blinking {unknown}
 o - a scroll of summoning {unknown}
 p - 16 scrolls of teleportation
 r - 11 scrolls of poison
 w - 4 scrolls of magic mapping {unknown}
 I - a scroll of brand weapon {unknown}
 V - a scroll of silence {unknown}
Potions
 c - 5 potions of invisibility
 e - 4 potions of ambrosia
 i - 3 potions of degeneration
 m - 4 potions of magic
 q - 4 potions of mutation {unknown}
 s - 12 potions of curing
 t - 2 potions of cancellation {unknown}
 u - 3 potions of brilliance {unknown}
 v - 4 potions of attraction {unknown}
 x - 5 potions of heal wounds
 z - 4 potions of haste {unknown}
 A - 2 potions of might {unknown}
 R - 2 potions of resistance {unknown}
 U - a potion of berserk rage {unknown}
 Y - a potion of lignification {unknown}
Miscellaneous
 F - a lightning rod (4/4)


   Skills:
 + Level 6.3 Fighting
 + Level 11.1 Short Blades
 + Level 12.5 Dodging
 + Level 15.0 Stealth
 + Level 0.6 Shields
 - Level 10.0 Spellcasting
 - Level 2.0 Conjurations
 + Level 10.5 Hexes
 + Level 8.8 Transmutations
 - Level 2.0 Ice Magic
 + Level 6.8 Poison Magic


You had 3 spell levels left.
You knew the following spells:

 Your Spells              Type           Power      Damage    Failure   Level
a - Ensorcelled Hibernat  Hex/Ice        94%        N/A       2%          2
b - Confusing Touch       Hex            63%        N/A       1%          3
c - Tukima's Dance        Hex            63%        N/A       1%          3
d - Dazzling Flash        Conj/Hex       94%        N/A       5%          3
e - Apportation           Tloc           26%        N/A       24%         1
f - Alistair's Intoxicat  Tmut/Pois      36%        N/A       26%         5
g - Yara's Violent Unrav  Hex/Tmut       30%        3d13      12%         5
h - Enfeeble              Hex            31%        N/A       95%         7

Your spell library contained the following spells:

 Spells                   Type           Power      Damage    Failure   Level
 Iskenderun's Mystic Bla  Conj/Tloc      18%        2d6       83%         4
 Starburst                Conj/Fire      9%         6d5       100%        6


Dungeon Overview and Level Annotations

Branches:
Dungeon (13/15)            Temple (1/1) D:5            Lair (4/5) D:10
 Shoals (0/4) Lair:2        Snake (0/4) Lair:3        Slime (0/5) Lair:4
    Orc (0/2) D:9           Sewer (visited)
 Vaults: D:13-14

Altars:
Ashenzari
Cheibriados
Dithmenos
Elyvilon
Fedhas
Hepliaklqana
Kikubaaqudgha
Makhleb
Nemelex Xobeh
Qazlal
Sif Muna
Trog
Uskayaw
Wu Jian
Xom
Yredelemnul
Zin
The Shining One

Shops:
D:5 =   D:10 *

Annotations:
D:8 exclusion: wolf, Grum
D:9 exclusion: 2 doors, Erolcha
D:10 exclusion: 2 centaurs


Innate Abilities, Weirdness & Mutations

You are very small and have problems with some larger weapons.
You are too small for most types of armour.
You have supernaturally acute eyesight. (SInv)
You cover ground extremely quickly. (Speed+++)


Message History

Aiming: Ensorcelled Hibernation (safe; 2% risk of failure)
Press: ? - help, Shift-Dir - straight line, f/p - dream sheep
Aim: a dream sheep (chance to affect: 62%)
The dream sheep looks drowsy...
The dream sheep bleats!
A cane toad comes into view.
A dream sheep comes into view.
You lunge at the dream sheep.
The helpless dream sheep fails to defend itself.
You perforate the dream sheep like a sieve!!!!!
You kill the dream sheep!
The Council accepts your kill.
The dream sheep are wreathed in dream dust.
You feel drowsy...
You fall asleep.
A bullfrog comes into view.
The dream sheep bites you!!
You wake up.
The bullfrog croaks.
You spin and attack the dream sheep repeatedly.
You hit the dream sheep.
The dream sheep is lightly wounded.
You hit the dream sheep.
The dream sheep is heavily wounded.
You spin and attack the cane toad.
You hit the cane toad.
The cane toad is lightly wounded.
You spin and attack the cane toad repeatedly.
You hit the cane toad but do no damage.
The cane toad is lightly wounded.
You hit the cane toad.
The cane toad is moderately wounded.
The cane toad misses you.
Casting: Ensorcelled Hibernation (safe; 2% risk of failure)
Confirm with . or Enter, or press ? or * to list all spells.
Casting: Dazzling Flash (dangerous; 5% risk of failure)
Press: ? - help, Dir - look around, f - activate The cane toad is dazzled.
The dream sheep is dazzled.
The dream sheep shake their wool and sparkle.
You feel drowsy...
You fall asleep.
The cane toad stings you but does no damage.
The cane toad stings you!!!
Ouch! That really hurt!
You die...

..........###.........#........
..........##P..................
.#........##...................
..........##...[............<..
..........##...................
.........Y......#.##...........
..........Y..Y...##^...........
..........#.YF..####.........P.
.P.....†Y.####@.# #........PPP
.PP.>....#.⌠..#.# ###........P
.#..............# .........P
#.......#⌠.<.⌠..#
.#......#.....#..
#.......#...##.. .......#.....
##. #.... .


You could see a cane toad (blind) and 4 dream sheep.

Vanquished Creatures
  A boulder beetle (D:12)
  3 hydras
  Fannar (Lair:1)
  4 two-headed ogres
  Urug (D:12)
  Nergalle (D:12)
  Lodul (D:10)
  Amaemon (Lair:1)
  2 deep elf pyromancers (D:12)
  2 cyclopes
  6 elephants (Lair:1)
  5 cane toads
  A black mamba (Lair:2)
  An orange demon (Lair:1)
  A torpor snail (Lair:3)
  Psyche (D:12)
  A gargoyle (D:12)
  13 komodo dragons
  A kobold demonologist (D:10)
  A rime drake (Lair:1)
  A troll (D:11)
  A queen bee (Lair:1)
  A dream sheep (Lair:4)
  6 blink frogs
  6 slime creatures
  A merfolk (Lair:2)
  7 wyverns
  4 wraiths
  A shadow (D:9)
  A water elemental (D:13)
  22 yaks
  2 basilisks
  A steam dragon (D:9)
  2 vampire mosquitoes (D:12)
  Menkaure (D:7)
  2 nagas (Lair:3)
  5 acid dragons
  11 water moccasins
  6 orc warriors
  2 ice beasts
  3 black bears
  4 centaurs
  A sky beast (D:4)
  5 ogres
  19 wolves
  2 phantoms
  3 kobold brigands
  14 bullfrogs
  A gnoll sergeant (D:6)
  A necrophage (D:5)
  2 scorpions
  7 wights
  29 killer bees
  2 howler monkeys
  9 crimson imps (D:12)
  7 jellies
  3 hounds (D:6)
  11 orc priests
  7 iguanas
  18 orc wizards
  9 gnolls
  15 adders
  5 river rats (Sewer)
  A shadow imp (D:7)
  2 ufetubi (D:6)
  3 worms
  3 dart slugs
  60 orcs
  16 endoplasms
  A giant cockroach (D:3)
  11 goblins
  13 hobgoblins
  6 jackals
  16 kobolds
  7 quokkas
  16 ball pythons
  6 bats
  8 frilled lizards
  31 rats
  2 butterflies
  A toadstool (D:1)
511 creatures vanquished.

Vanquished Creatures (collateral kills)
  Erica (Lair:1)
  7 ogres (D:10)
  2 orcs (D:9)
10 creatures vanquished.

Vanquished Creatures (others)
  4 dancing weapons
  20 fungi
  23 plants
  4 toadstools (D:1)
51 creatures vanquished.

Grand Total: 572 creatures vanquished

Notes
Turn   | Place    | Note
-------+----------+-------------------------------------------
     0 | D:1      | FexLirch the Spriggan Enchanter began the quest for the
                  | Orb.
     0 | D:1      | Reached XP level 1. HP: 9/9 MP: 5/5
   169 | D:1      | Reached XP level 2. HP: 14/14 MP: 6/6
   370 | D:1      | Found a faded altar of an unknown god.
   525 | D:1      | Learned a level 2 spell: Ensorcelled Hibernation
  1057 | D:1      | Reached XP level 3. HP: 17/17 MP: 8/8
  1092 | D:1      | Reached skill level 1 in Fighting
  2088 | D:2      | Reached skill level 5 in Stealth
  2088 | D:2      | Reached XP level 4. HP: 22/22 MP: 9/9
  2549 | D:3      | Found an ancient bone altar of Kikubaaqudgha.
  2576 | D:3      | Learned a level 3 spell: Confusing Touch
  2580 | D:3      | Learned a level 3 spell: Tukima's Dance
  2823 | D:3      | Found a blossoming altar of Fedhas.
  2851 | D:3      | Reached XP level 5. HP: 25/25 MP: 6/10
  2882 | D:3      | Found a glowing drain.
  2886 | Sewer    | Entered a sewer
  3172 | Sewer    | Reached skill level 1 in Ice Magic
  3785 | Sewer    | Reached XP level 6. HP: 23/30 MP: 9/12
  3794 | Sewer    | Reached skill level 6 in Stealth
  4614 | D:4      | Learned a level 3 spell: Dazzling Flash
  5452 | D:4      | Reached XP level 7. HP: 35/35 MP: 14/14
  5481 | D:4      | Reached skill level 5 in Hexes
  5576 | D:4      | Reached skill level 5 in Dodging
  5830 | D:4      | Reached skill level 7 in Stealth
  6114 | D:5      | Entered Level 5 of the Dungeon
  6146 | D:5      | Reached skill level 5 in Spellcasting
  6221 | D:5      | Reached XP level 8. HP: 39/39 MP: 16/16
  6319 | D:5      | Identified the +6 scale mail of Lifelessness {rCorr}
  6570 | D:5      | Found a staircase to the Ecumenical Temple.
  6579 | Temple   | Entered the Ecumenical Temple
  6588 | Temple   | Became a worshipper of the Wu Jian Council
  6731 | D:5      | Reached skill level 1 in Conjurations
  6912 | D:5      | Reached skill level 8 in Stealth
  7085 | D:5      | Found a sparkling altar of Nemelex Xobeh.
  7429 | D:5      | Found Astruy's Jewellery Shoppe.
  7570 | D:6      | Reached skill level 5 in Short Blades
  7953 | D:6      | Found a shimmering altar of Xom.
  7973 | D:6      | Reached * piety under Wu Jian
  8019 | D:6      | Reached XP level 9. HP: 42/42 MP: 16/19
  8425 | D:6      | Reached skill level 9 in Stealth
  8757 | D:7      | Found a basalt altar of Yredelemnul.
  8780 | D:7      | Noticed Menkaure
  9205 | D:7      | Identified the +1 leather armour of Midnight {rElec}
  9470 | D:7      | Killed Menkaure
  9681 | D:8      | Reached ** piety under Wu Jian
  9974 | D:8      | Noticed a two-headed ogre
  9985 | D:8      | Killed a two-headed ogre
  9986 | D:8      | Reached skill level 10 in Stealth
 10033 | D:8      | Noticed Grum
 10048 | D:8      | Reached XP level 10. HP: 46/46 MP: 22/22
 10103 | D:8      | Noticed a two-headed ogre
 10125 | D:8      | Killed a two-headed ogre
 10244 | D:8      | Found a broken altar of Ashenzari.
 11265 | D:9      | Found a snail-covered altar of Cheibriados.
 11351 | D:9      | You fall into a shaft and drop 2 floors!
 11386 | D:11     | Found a glowing silver altar of Zin.
 11460 | D:11     | Reached skill level 11 in Stealth
 11606 | D:11     | Noticed a two-headed ogre
 11682 | D:11     | Reached *** piety under Wu Jian
 11686 | D:10     | Entered Level 10 of the Dungeon
 11686 | D:10     | Found Ustruck's General Store.
 11689 | D:10     | Bought a scroll of teleportation for 42 gold pieces
 11690 | D:10     | Bought a +6 ring of intelligence for 504 gold pieces
 11716 | D:10     | Found a stormy altar of Qazlal.
 11756 | D:10     | Found a glowing golden altar of the Shining One.
 11787 | D:10     | Noticed Lodul
 11836 | D:10     | Learned a level 1 spell: Apportation
 11842 | D:10     | Learned a level 5 spell: Alistair's Intoxication
 11850 | D:10     | Found a staircase to the Lair.
 11897 | D:9      | Noticed a vault sentinel
 11897 | D:9      | Noticed a vault sentinel
 11949 | D:9      | Noticed Erolcha
 12028 | D:9      | Reached skill level 1 in Transmutations
 12474 | D:9      | Reached skill level 1 in Poison Magic
 12582 | D:9      | Found a staircase to the Orcish Mines.
 13049 | D:9      | Reached **** piety under Wu Jian
 13053 | D:9      | Reached XP level 11. HP: 43/52 MP: 18/24
 13785 | D:10     | Killed Lodul
 13786 | D:10     | Reached skill level 12 in Stealth
 13868 | D:5      | Bought an amulet of magic regeneration for 390 gold pieces
 13977 | D:11     | Killed a two-headed ogre
 13978 | D:11     | Reached skill level 10 in Dodging
 14383 | D:12     | Noticed Urug
 14385 | D:12     | Killed Urug
 14419 | D:12     | Noticed a deep elf pyromancer
 14428 | D:12     | Killed a deep elf pyromancer
 14485 | D:12     | Noticed a boulder beetle
 14486 | D:12     | Noticed a seven-headed hydra
 14654 | D:13     | Noticed a two-headed ogre
 14660 | D:13     | Killed a two-headed ogre
 14699 | D:13     | Noticed a five-headed hydra
 14706 | D:13     | Killed a five-headed hydra
 14707 | D:13     | Reached skill level 5 in Transmutations
 14735 | D:12     | Noticed Psyche
 15023 | D:13     | Killed a seven-headed hydra
 15319 | D:13     | Noticed a centaur warrior
 15477 | D:12     | Reached XP level 12. HP: 58/58 MP: 26/26
 15489 | D:12     | Reached skill level 13 in Stealth
 15802 | D:12     | Reached skill level 10 in Spellcasting
 15814 | D:12     | Learned a level 5 spell: Yara's Violent Unravelling
 16013 | D:12     | Killed Psyche
 16013 | D:12     | Reached ***** piety under Wu Jian
 16039 | D:12     | Noticed Nergalle
 16085 | D:12     | Killed Nergalle
 16086 | D:12     | Reached skill level 10 in Short Blades
 16173 | D:12     | Killed a boulder beetle
 16787 | Lair:1   | Entered Level 1 of the Lair of Beasts
 16845 | Lair:1   | Reached skill level 5 in Poison Magic
 16849 | Lair:1   | Reached skill level 5 in Fighting
 17351 | Lair:1   | Reached skill level 14 in Stealth
 17378 | Lair:1   | Noticed Erica
 17392 | Lair:1   | Noticed Amaemon
 17674 | Lair:1   | Killed Amaemon
 18005 | Lair:1   | Learned a level 7 spell: Enfeeble
 18019 | Lair:1   | Killed Erica
 18020 | Lair:1   | Reached XP level 13. HP: 64/64 MP: 25/28
 18101 | Lair:1   | Noticed Fannar
 18150 | Lair:1   | Killed Fannar
 18532 | Lair:2   | Reached skill level 10 in Hexes
 18728 | Lair:2   | Reached ****** piety under Wu Jian
 18831 | Lair:2   | Identified the +1 ring mail "Omumek" {rPois Will+ Dex-3}
 19068 | Lair:2   | Found a staircase to the Shoals.
 19938 | Lair:3   | Found a staircase to the Snake Pit.
 20062 | Lair:3   | Identified the +3 scale mail of the Morning {Int+8 Dex+3
                  | Slay-2}
 21091 | Lair:4   | Found a staircase to the Slime Pits.
 21213 | Lair:4   | Reached skill level 15 in Stealth
 21268 | Lair:4   | Slain by a cane toad

Illustrated notes

Levels and vault maps discovered:
D:1:      heliophobic_arrival_dark_side_of_the_moon, layout_rooms,
          shapermc_ecumenical_altar_totnotflames, serial_forest,
          infiniplex_forest_clump_medium, infiniplex_forest_fountain,
          infiniplex_forest_lined_room_3, infiniplex_forest_fountain,
          infiniplex_forest_lined_2, infiniplex_forest_pool,
          infiniplex_forest_end_3, infiniplex_forest_lined_corner,
          chequers_decorated_corner, minmay_gold_behind_fungi
D:2:      layout_basic
D:3:      layout_loops_ring, nicolae_kikubaaqudgha_miasma_corner,
          mainiacjoe_overflow_alcove_1, gup_sewer_entry_spiral
D:4:      layout_gridville, serial_rivers, chequers_serial_rivers_marsh,
          chequers_serial_rivers_large_b, chequers_serial_rivers_small_3,
          chequers_serial_rivers_room_a, chequers_serial_rivers_marsh,
          chequers_serial_rivers_large_a
D:5:      layout_cave_pools, nemelex_dance_club_becter,
          lemuel_temple_firewalk_b, serial_park, serial_park_avenue1,
          serial_park_tiny_pond, serial_park_gazebo
          [serial_park_minivault_5x5_3], serial_park_tiny_1, serial_shops,
          kennysheep_mini_moat
D:6:      layout_cave_pods, mainiacjoe_overflow_boulevard
D:7:      layout_cave_pools, pf_just_have_faith, uniq_menkaure
D:8:      layout_loops_corners, nicolae_ashenzari_panopticon, sigmund_army,
          uniq_grum
D:9:      layout_small_grid, cheibriados_altar_2, david_orc_5,
          hellmonk_guarded_unrand_gong, uniq_erolcha
D:10:     layout_gridville, overflow_temple_1_default, tso_oasis_becter,
          minmay_lair_entry_grove, nicolae_stop_n_shop_2, centaur_isle,
          uniq_lodul
D:11:     layout_cross, zin_academy
D:12:     layout_rooms, minmay_nine_imps, uniq_nergalle, uniq_urug, uniq_psyche
D:13:     layout_basic, grunt_vaults_entry_fortified, serial_curves,
          eino_curves_04, eino_curves_04
Temple:   nicolae_temple_bog_church
Lair:1:   layout_roguey [special_room_bee], st_stairs_5, beast_lair_carwin_4,
          uniq_erica, uniq_amaemon, uniq_fannar
Lair:2:   layout_gridlike, elwin_shoals_entry_rooms, beast_lair_carwin_11,
          lemuel_fruit_fields
Lair:3:   layout_regular_city, guppyfry_snake_entry_island,
          minmay_lindwurm_lava, lemuel_fruit_fields, lemuel_fruit_tree
Lair:4:   layout_gridlike, nicolae_slime_entry_slimehenge, grunt_megastairs_2

Skill      XL: |  1  2  3  4  5  6  7  8  9 10 11 12 13 |
---------------+----------------------------------------+-----
Dodging        | 3 4 5 6 8 9 10 11 12 | 12.5
Spellcasting   | 3 4 5 6 7 8 9 10 | 10.0
Fighting       | 1 2 3 4 5 6 |  6.3
Hexes          | 4 5 6 7 8 9 10 | 10.5
Stealth        | 5 6 7 8 10 11 12 14 15 | 15.0
Short Blades   | 2 3 4 5 7 8 9 10 11 | 11.1
Ice Magic      | 1 2 |  2.0
Conjurations   | 1 2 |  2.0
Transmutations | 2 5 7 8 |  8.8
Poison Magic   | 1 4 5 6 |  6.8
Shields        | |  0.6

Action                   |  1- 3 |  4- 6 |  7- 9 | 10-12 | 13-15 || total
-------------------------+-------+-------+-------+-------+-------++-------
Melee: Dagger            |   134 |   199 |   215 |   512 |   188 ||  1248
       Punch             |     1 |     1 |     1 |     8 |     1 ||    12
 Cast: Ensorcelled Hiber |    13 |    52 |    61 |   134 |    81 ||   341
       Confusing Touch   |       |       |     9 |    21 |     5 ||    35
       Dazzling Flash    |       |       |     3 |    30 |     6 ||    39
       Tukima's Dance    |       |       |       |    19 |       ||    19
       Yara's Violent Un |       |       |       |     8 |     4 ||    12
       Alistair's Intoxi |       |       |       |     1 |     1 ||     2
       Apportation       |       |       |       |     1 |       ||     1
Invok: Lunge             |       |       |    31 |    72 |    35 ||   138
       Whirlwind         |       |       |    29 |    89 |    14 ||   132
Evoke: Lightning rod     |       |       |       |     4 |       ||     4
  Use: Scroll            |       |     4 |     3 |     6 |       ||    13
       Potion            |       |       |       |     1 |     1 ||     2
 Stab: Sleeping          |    19 |    38 |    59 |    74 |    58 ||   248
       Distracted        |     1 |       |     5 |     6 |     1 ||    13
       Confused          |       |       |     7 |    14 |     8 ||    29
       Invisible         |       |       |     4 |    33 |     3 ||    40
Armor: Robe              |    15 |    12 |     7 |     5 |       ||    39
       Acid dragon scale |       |       |       |    20 |    17 ||    37
Dodge: Dodged            |    92 |   152 |   137 |   307 |   113 ||   801
Block: Buckler           |       |       |       |       |    13 ||    13
